 Dungeon Crawl Stone Soup version 0.29.1-15-g9cfb28693d (webtiles) character file.

Game seed: 16898016641702852046

420 Melum the Trooper (level 7, 47/54 HPs)
             Began as a Djinni Hedge Wizard on Oct 16, 2022.
             Quit the game on level 5 of the Dungeon on Feb 26, 2023.
             The game lasted 00:16:15 (5663 turns).

Melum the Trooper (Djinni Hedge Wizard)             Turns: 5663, Time: 00:16:16

Health: 47/54      AC:  3    Str:  9    XL:     7   Next: 16%
Gold:   306        EV: 12    Int: 17    God:
                   SH:  0    Dex: 19

rFire   + + .      SeeInvis .   a - +0 dagger
rCold   x . .      Faith    .   (no shield)
rNeg    . . .      Spirit   .   b - +0 robe
rPois   ∞          Reflect  .   c - +0 hat
rElec   .          Harm     .   n - +0 cloak
rCorr   .          Rampage  .   (no gloves)
Will    .....                   (boots unavailable)
Stlth   ++........              (no amulet)
HPRegen 0.18/turn               p - +6 ring of dexterity
MPRegen 0.00/turn               (no ring)

@: flying
A: sickness immunity, fire resistance 2, cold vulnerability 1, float, innate
caster, HP casting, extra vitality 1
a: no special abilities


You were on level 5 of the Dungeon.
You visited 1 branch of the dungeon, and saw 5 of its levels.

You collected 306 gold pieces.

Inventory:

Hand Weapons
 a - a +0 dagger (weapon)
 v - a +0 dagger of holy wrath
Armour
 b - a +0 robe (worn)
 c - a +0 hat (worn)
 n - a +0 cloak (worn)
Magical Staves
 h - a staff of poison
Jewellery
 p - a +6 ring of dexterity (left hand)
 D - a ring of protection from cold
Wands
 x - a wand of mindburst (7)
 B - a wand of flame (11)
Scrolls
 d - a scroll of teleportation {unknown}
 g - a scroll of fog {unknown}
 i - 2 scrolls of fear {unknown}
 j - 5 scrolls of noise {unknown}
 k - 2 scrolls of poison {unknown}
 m - a scroll of brand weapon {unknown}
 o - a scroll of amnesia {unknown}
 t - 3 scrolls of enchant weapon {unknown}
 u - a scroll of acquirement {unknown}
 y - 2 scrolls of identify {unknown}
 A - 2 scrolls of magic mapping {unknown}
 C - a scroll of immolation {unknown}
 E - a scroll of blinking {unknown}
Potions
 e - a potion of lignification {unknown}
 f - 2 potions of ambrosia {unknown}
 l - 2 potions of curing {unknown}
 q - a potion of heal wounds {unknown}
 r - a potion of might {unknown}
 s - a potion of berserk rage {unknown}
 w - a potion of flight {unknown}
 z - 2 potions of haste
 F - a potion of degeneration {unknown}


   Skills:
 + Level 5.3 Fighting
 - Level 2.1 Dodging
 - Level 1.5 Stealth
 - Level 4.0 Spellcasting


You couldn't memorise any spells.
You knew the following spells:

 Your Spells              Type           Power      Damage    Failure   Level
a - Magic Dart            Conj           68%        1d6       3%          1
b - Blink                 Tloc           34%        N/A       4%          2
c - Call Imp              Summ           17%        N/A       4%          2
d - Slow                  Hex            68%        N/A       3%          1
e - Conjure Flame         Conj/Fire      17%        6-21      9%          3
f - Mephitic Cloud        Conj/Pois/Air  17%        N/A       9%          3
g - Necrotise             Necr           68%        1d7       3%          1
h - Passwall              Tmut/Erth      14%        N/A       4%          2
i - Swiftness             Air            17%        N/A       9%          3
Your spell library was empty.

Dungeon Overview and Level Annotations

Branches:
Dungeon (5/15)
 Temple: D:4-7

Altars:
Trog


Innate Abilities, Weirdness & Mutations

You are immune to sickness and miasma.
You are immune to poison.
Your flesh is very heat resistant. (rF++)
You are vulnerable to cold. (rC-)
You float through the air rather than walking.
You learn spells naturally, not from books.
Your magical power is your life essence.
You have superior vitality. (+4 MHP)


Message History

You start resting.
You are no longer corroded.
You start resting.
You start to feel a little faster.
You start resting.
You no longer feel sluggish.
You start resting.
Your quokka skeleton crumbles into dust!
HP restored.
There is a stone staircase leading down here.
You fly downwards.
There is a stone staircase leading up here.
An ice beast comes into view.
There is a stone staircase leading up here.
Found a stone staircase leading down.
A centaur comes into view.
The centaur shouts!
A water moccasin comes into view.
The centaur wields a +0 shortbow.
The centaur shoots an arrow.
The arrow misses you.
Something shouts, "Slither away, thou infectious doghearted lout!"
The centaur shoots an arrow.
The arrow hits you!
The centaur shoots an arrow.
The arrow hits you!
The centaur shoots an arrow.
The arrow closely misses you.
The centaur shoots an arrow.
The arrow completely misses you.
There is a stone staircase leading up here.
The centaur shoots an arrow.
The arrow completely misses you.
You fly upwards.
There is a stone staircase leading down here.
There is a stone staircase leading down here.
You fly downwards.
There is a stone staircase leading up here.
Save game and exit?
Welcome back, Melum the Djinni Hedge Wizard.
Press ? for a list of commands and other information.
Unknown command.
Unknown command.
Are you sure you want to abandon this character and quit the game? (Confirm with "yes".)
Okay, then.
Are you sure you want to abandon this character and quit the game? (Confirm with "yes".)

#### ######..#####
#......@....#
..............#
......~.~......
.........~....###
≈~..~~~.~~..≈≈≈≈≈
≈≈≈~~.~~~~~~~~≈≈≈#
##.......Y...~...#
#...~.~.~.~..~...#
####....~ .~~.#


You could see an ice beast.

Vanquished Creatures
  A black bear (D:4)
  A phantom (D:3)
  2 jellies (D:4)
  A hound (D:4)
  Terence (D:3)
  6 adders
  3 dart slugs
  An orc (D:3)
  9 bats
  11 endoplasms
  A giant cockroach (D:2)
  5 goblins
  7 hobgoblins
  4 quokkas
  3 ball pythons
  3 frilled lizards
  7 kobolds
  3 rats
69 creatures vanquished.

Vanquished Creatures (collateral kills)
  A ball python (D:2)
  A goblin (D:2)
  A hobgoblin (D:4)
  A quokka (D:3)
4 creatures vanquished.

Grand Total: 73 creatures vanquished

Notes
Turn   | Place    | Note
-------+----------+-------------------------------------------
     0 | D:1      | Melum the Djinni Hedge Wizard began the quest for the Orb.
     0 | D:1      | Melum set off with the following spells memorised: Magic
                  | Dart, Blink, Call Imp, Slow, Conjure Flame, Mephitic Cloud.
     0 | D:1      | Reached XP level 1. HP: 15/15 MP: 0/0
   286 | D:1      | Reached XP level 2. HP: 15/21 MP: 0/0
  1565 | D:2      | Reached XP level 3. HP: 20/25 MP: 0/0
  1565 | D:2      | Learned a level 1 spell: Necrotise
  1662 | D:2      | Found a faded altar of an unknown god.
  2295 | D:2      | Reached XP level 4. HP: 26/31 MP: 0/0
  3052 | D:3      | Found a bloodstained altar of Trog.
  3491 | D:3      | Reached skill level 1 in Fighting
  3582 | D:3      | Reached XP level 5. HP: 31/37 MP: 0/0
  3582 | D:3      | Learned a level 2 spell: Passwall
  3785 | D:3      | Noticed Terence
  3792 | D:3      | Killed Terence
  3793 | D:3      | Reached skill level 2 in Fighting
  4086 | D:3      | Noticed a phantom
  4096 | D:3      | Killed a phantom
  4097 | D:3      | Reached skill level 3 in Fighting
  4097 | D:3      | Reached XP level 6. HP: 29/46 MP: 0/0
  4514 | D:4      | Reached skill level 4 in Fighting
  4942 | D:4      | Noticed a black bear
  4951 | D:4      | Killed a black bear
  4952 | D:4      | Reached skill level 5 in Fighting
  4952 | D:4      | Reached XP level 7. HP: 37/54 MP: 0/0
  4952 | D:4      | Learned a level 3 spell: Swiftness
  5290 | D:5      | Entered Level 5 of the Dungeon
  5615 | D:5      | Noticed a water moccasin
  5663 | D:5      | Upgraded the game from 0.29.1-1-gd02db6906a to
                  | 0.29.1-15-g9cfb28693d
  5663 | D:5      | Quit the game

Illustrated notes

Levels and vault maps discovered:
D:1:      mushboom_english_gardens, layout_basic, feat_on_display
D:2:      kb_forest_paths, layout_basic, nicolae_ecumenical_oubliette,
          skrybe_limestone_x, minmay_cupped
D:3:      layout_basic, grunt_temple_overflow_open, uniq_terence
D:4:      layout_basic
D:5:      layout_cave_pods, kennysheep_small_spiral,
          chequers_serial_rivers_small_3

Skill      XL: |  1  2  3  4  5  6 |
---------------+-------------------+-----
Spellcasting   | 3 4 |  4.0
Fighting       | 1 3 5 |  5.3
Dodging        | |  2.1
Stealth        | |  1.5

Action                   |  1- 3 |  4- 6 |  7- 9 || total
-------------------------+-------+-------+-------++-------
 Cast: Magic Dart        |    44 |     4 |       ||    48
       Necrotise         |    31 |    94 |     9 ||   134
       Conjure Flame     |       |     1 |     1 ||     2
       Blink             |       |       |     1 ||     1
       Swiftness         |       |       |     1 ||     1
Evoke: Wand              |       |     3 |       ||     3
Armor: Robe              |     1 |     7 |       ||     8
Dodge: Dodged            |    11 |    18 |     9 ||    38
